 Dungeon Crawl Stone Soup version 0.30.1-11-g7821555f0a (webtiles) character file.

Game seed: 9460444434335000373

1093 lonewolfV2 the Trooper (level 8, -1/62 (67) HPs)
             Began as a Formicid Fighter on Dec 5, 2023.
             Slain by a wight
             ... wielding a +2 falchion
              (3 damage)
             ... on level 5 of the Dungeon.
             The game lasted 00:06:36 (5524 turns).

lonewolfV2 the Trooper (Formicid Fighter)           Turns: 5524, Time: 00:06:37

HP:   -1/62 (67)    AC: 10    Str: 21    XL:     8   Next: 57%
MP:   8/8           EV:  8    Int:  8    God:
Gold: 268           SH:  6    Dex: 15    Spells: 7/7 levels left

rFire   + . .        a - +0 war axe
rCold   . . .        c - +0 buckler
rNeg    . . .        g - +1 chain mail
rPois   .            (helmet unavailable)
rElec   .            (no cloak)
rCorr   .            (no gloves)
SInv    +            (no boots)
Will    .....        (no amulet) Stlth
                     k - ring of flight
HPRegen 0.30/turn    l - ring of protection from fire
MPRegen 0.11/turn

%: no passive effects
@: weak-willed, flying, drained
A: permanent stasis, dig shafts and tunnels, antennae 3, four strong arms
a: Dig, Shaft Self


You were on level 5 of the Dungeon.
You visited 1 branch of the dungeon, and saw 5 of its levels.

You collected 268 gold pieces.

Inventory:

Hand Weapons
 a - a +0 war axe (weapon)
Armour
 b - a +0 scale mail
 c - a +0 buckler (worn)
 g - a +1 chain mail (worn)
Jewellery
 h - an amulet of faith
 j - a ring of magical power
 k - a ring of flight (left hand)
 l - a ring of protection from fire (right hand)
Wands
 r - a wand of charming (1)
Scrolls
 n - a scroll of silence
 p - a scroll of amnesia
 s - a scroll of fear
Potions
 e - a potion of brilliance
 f - 2 potions of degeneration
 i - 4 potions of attraction
 m - a potion of flight
 q - a potion of haste


   Skills:
 - Level 7.1 Fighting
 - Level 6.0 Axes
 + Level 5.0 Armour
 + Level 6.1 Shields


You had 7 spell levels left.
You didn't know any spells.
Your spell library contained the following spells:

 Spells                   Type           Power      Damage    Failure   Level
 Freeze                   Ice            0%         1d3       98%         1
 Frozen Ramparts          Ice            0%         1d1       100%        3
 Hailstorm                Conj/Ice       0%         3d3       100%        3
 Alistair's Intoxication  Tmut/Pois      0%         N/A       100%        5
 Borgnjor's Vile Clutch   Necr/Erth      0%         N/A       100%        5
 Eringya's Noxious Bog    Tmut/Pois      0%         N/A       100%        6


Dungeon Overview and Level Annotations

Branches:
Dungeon (5/15)
 Temple: D:4-7

Altars:
Okawaru
The Shining One


Innate Abilities, Weirdness & Mutations

You cannot be hasted, slowed, berserked, paralysed or teleported.
You can dig through walls and to a lower floor.
You have a pair of large antennae on your head. (SInv)
Your four strong arms can wield two-handed weapons with a shield.


Message History

You slash the gnoll!
You kill the gnoll!
You slash the wight!
The wight is heavily damaged.
The wight hits you with a +2 falchion!
* * * LOW HITPOINT WARNING * * *
Okay, then.
As you read the scroll of identify, it crumbles to dust.
n - a scroll of silence The wight hits you but does no damage.
You hit the wight.
The wight is severely damaged.
The wight hits you with a +2 falchion.
* * * LOW HITPOINT WARNING * * *
You feel drained.
* * * LOW HITPOINT WARNING * * *
You feel better. The wight hits you with a +2 falchion.
* * * LOW HITPOINT WARNING * * *
You feel drained.
* * * LOW HITPOINT WARNING * * *
You closely miss the wight.
The wight is severely damaged.
The wight hits you with a +2 falchion.
* * * LOW HITPOINT WARNING * * *
You feel drained.
* * * LOW HITPOINT WARNING * * *
The wight hits you with a +2 falchion.
* * * LOW HITPOINT WARNING * * *
You feel drained.
* * * LOW HITPOINT WARNING * * *
Okay, then.
You can't see any enemies this would affect, really read the scroll of fear?
Okay, then.
You can't see any enemies this would affect, really read the scroll of fear?
Okay, then.
Okay, then.
As you read the scroll labelled TORATU BITHOY, it crumbles to dust.
Magic quickly surges around you.
It was a scroll of vulnerability.
The wight hits you with a +2 falchion.
You die...

#.#### #.# #.# #.# #.# #.#
#.# #.# #.# #.# #.## #.##
#.8# #Z { {
...###########.###M#Z#'#'#
................@znZZ...ngZ{
...###########)###M#'#+#+#
.....# #######.8# {# { { { {
..##.# #.......## #####
..##.# #.#####..# #...#
.....# #.# ##...## ##'##
..#### #.# #.....# #.# .##
#.# #.....# #.# .# #.#
#.....# ##.##


You could see a necrophage (weak-willed), 2 mummies, a wight (weak-willed), a
water moccasin zombie (weak-willed), a hound zombie (weak-willed) and a bullfrog
zombie (weak-willed).

Vanquished Creatures
  Sigmund (D:3)
  Duvessa (D:4)
  A centaur (D:5)
  Blork the orc (D:4)
  4 scorpions
  Dowan (D:4)
  4 hounds
  A gnoll bouda (D:5)
  Ijyb (D:3)
  An orc wizard (D:5)
  4 adders
  4 gnolls (D:5)
  A shadow imp (D:4)
  A white imp (D:5)
  An ufetubus (D:5)
  5 dart slugs
  19 orcs
  2 ball pythons (D:1)
  7 endoplasms
  A giant cockroach (D:3)
  8 goblins
  8 hobgoblins
  6 jackals
  7 kobolds
  4 quokkas
  2 training dummies (D:4)
  4 bats
  4 frilled lizards (D:1)
  8 rats
112 creatures vanquished.

Vanquished Creatures (others)
  A goblin (D:1)
1 creature vanquished.

Grand Total: 113 creatures vanquished

Notes
Turn   | Place    | Note
-------+----------+-------------------------------------------
     0 | D:1      | lonewolfV2 the Formicid Fighter began the quest for the
                  | Orb.
     0 | D:1      | Reached XP level 1. HP: 18/18 MP: 1/1
    97 | D:1      | Reached XP level 2. HP: 15/24 MP: 2/2
   246 | D:1      | Reached XP level 3. HP: 30/30 MP: 3/3
   359 | D:1      | Reached skill level 4 in Fighting
   973 | D:2      | Reached XP level 4. HP: 36/37 MP: 4/4
  1629 | D:3      | Found a faded altar of an unknown god.
  2138 | D:3      | Reached XP level 5. HP: 43/43 MP: 5/5
  2247 | D:3      | Noticed Sigmund
  2264 | D:3      | Killed Sigmund
  2265 | D:3      | Reached skill level 5 in Fighting
  2265 | D:3      | Reached XP level 6. HP: 42/52 MP: 6/6
  2543 | D:3      | Noticed Ijyb
  2561 | D:3      | HP: 2/52 [Ijyb/bolt of light (7)]
  2568 | D:3      | Killed Ijyb
  2690 | D:3      | Reached skill level 6 in Fighting
  2690 | D:3      | Reached skill level 5 in Axes
  3379 | D:4      | Reached XP level 7. HP: 55/58 MP: 7/7
  3552 | D:4      | Noticed Blork the orc
  3561 | D:4      | Killed Blork the orc
  3650 | D:4      | Noticed Duvessa
  3650 | D:4      | Noticed Dowan
  3657 | D:4      | Killed Duvessa
  3680 | D:4      | Killed Dowan
  3820 | D:4      | Found an iron altar of Okawaru.
  3849 | D:4      | Found a glowing golden altar of the Shining One.
  3932 | D:4      | Reached skill level 7 in Fighting
  4352 | D:5      | Entered Level 5 of the Dungeon
  4425 | D:5      | Reached XP level 8. HP: 67/67 MP: 8/8
  4586 | D:5      | Reached skill level 5 in Shields
  5506 | D:5      | Reached skill level 5 in Armour
  5523 | D:5      | HP: 2/64 [wight/+2 falchion (2)]
  5524 | D:5      | Slain by a wight

Illustrated notes

Levels and vault maps discovered:
D:1:      giann_bridges, layout_loops_ring, st_stairs_11
D:2:      layout_basic
D:3:      layout_loops_ring, hellmonk_ecumenical_altar_dog_temple,
          minmay_misc_feat_hallway, roderic_lattice_a, uniq_sigmund, uniq_ijyb
D:4:      dreamdust_elfheim, layout_loops_corners,
          mainiacjoe_overflow_cross_hatched, nicolae_overflow_crystal_walls,
          uniq_blork_the_orc
D:5:      layout_loops_corners, lemuel_mausoleum_altar_yredelemnul,
          minmay_hedge_maze, uniq_duvessa

Skill      XL: |  1  2  3  4  5  6  7  8 |
---------------+-------------------------+-----
Fighting       | 4 5 6 7 |  7.1
Axes           | 3 4 5 6 |  6.0
Armour         | 5 |  5.0
Shields        | 6 |  6.1

Action                     |  1- 3 |  4- 6 |  7- 9 || total
---------------------------+-------+-------+-------++-------
  Melee: War axe           |    67 |   145 |   161 ||   373
  Evoke: Wand              |       |       |     4 ||     4
    Use: Scroll            |     4 |     6 |     5 ||    15
         Potion            |       |     4 |     5 ||     9
 Armour: Scale mail        |    17 |       |       ||    17
         Chain mail        |     1 |    69 |   101 ||   171
  Dodge: Dodged            |    47 |    60 |    77 ||   184
  Block: Buckler           |    24 |    31 |    48 ||   103
